 Dungeon Crawl Stone Soup version 0.23-a0-402-g64599a10a2 (webtiles) character file.

21490 Wolly the Fighter (level 13, -30/91 HPs)
             Began as a Kobold Hunter on Nov 3, 2018.
             Was an Initiate of Gozag.
             Annihilated by a torpor snail (46 damage)
             ... on level 3 of the Lair of Beasts on Nov 4, 2018.
             The game lasted 01:10:52 (25160 turns).

Wolly the Fighter (Kobold Hunter)                  Turns: 25160, Time: 01:10:52

Health: -30/91     AC:  9    Str: 17    XL:     13   Next: 20%
Magic:  0/13       EV: 18    Int: 12    God:    Gozag
Gold:   2142       SH:  0    Dex: 15    Spells: 12/12 levels left

rFire    . . .     SeeInvis .   a - +1 dagger (venom)
rCold    . . .     Gourm    .   (shield restricted)
rNeg     . . .     Faith    .   K - +0 scale mail
rPois    .         Spirit   +   z - +1 hat
rElec    .         Reflect  .   j - +0 cloak
rCorr    .         Harm     .   (no gloves)
MR       .....                  (no boots)
Stlth    +.........             L - amulet of guardian spirit
HPRegen  0.25/turn              m - +2 ring of strength
MPRegen  0.13/turn              J - ring of stealth

@: sleeping, gold aura, slowed
A: small, carnivore
a: Potion Petition, Call Merchant, Bribe Branch, Renounce Religion


You were on level 3 of the Lair of Beasts.
You worshipped Gozag.
Gozag was most pleased with you.
You were near starving.

You visited 2 branches of the dungeon, and saw 14 of its levels.
You also visited: Sewer.

You collected 2878 gold pieces.
You spent 700 gold pieces at shops.
You paid 36 gold pieces to Gozag.

Inventory:

Hand Weapons
 a - a +1 dagger of venom (weapon)
   (You took it off a goblin on level 1 of the Dungeon)
 b - a +0 hunting sling
   (You found it on level 1 of the Dungeon)
 r - a +2 hand crossbow
Missiles
 k - 459 stones
 q - 55 sling bullets
 I - 83 bolts
 N - 2 throwing nets (quivered) {!f}
Armour
 j - a +0 cloak (worn)
   (You found it on level 2 of the Dungeon)
 z - a +1 hat (worn)
   (You found it on level 4 of the Dungeon)
 C - a +1 leather armour of cold resistance
   (You found it on level 5 of the Dungeon)
 K - a +0 scale mail (worn)
   (You found it on level 6 of the Dungeon)
 O - a +0 chain mail
   (You took it off an orc warrior on level 9 of the Dungeon)
Jewellery
 m - a +2 ring of strength (left hand)
   (You took it off a crimson imp on level 6 of the Dungeon)
 J - a ring of stealth (right hand)
   (You found it on level 5 of the Dungeon)
 L - an amulet of guardian spirit (around neck)
   (You found it on level 6 of the Dungeon)
Wands
 c - a wand of disintegration (17)
   (You found it on level 4 of the Dungeon)
 d - a wand of iceblast (11)
   (You took it off Ijyb on level 5 of the Dungeon)
 t - a wand of flame (13)
   (You found it on level 4 of the Dungeon)
 v - a wand of digging (12)
   (You took it off Blork the orc on level 5 of the Dungeon)
 x - a wand of acid (6)
   (You took it off Sonja on level 1 of the Lair of Beasts)
 H - a wand of enslavement (8)
   (You found it on level 5 of the Dungeon)
Scrolls
 f - 5 scrolls of fog
 h - 2 scrolls of magic mapping
 l - 2 scrolls of enchant weapon
 o - a scroll of remove curse {@r2}
 y - 5 scrolls of enchant armour
 D - 2 scrolls of noise {unknown}
 M - 3 scrolls of amnesia
 P - a scroll of fear {unknown}
 R - 11 scrolls of teleportation {@r4}
 S - a scroll of immolation {unknown}
 U - a scroll of summoning
Potions
 i - 3 potions of curing {@q1}
 n - 3 potions of flight
 p - a potion of brilliance
 s - 2 potions of mutation {!q}
 u - a potion of berserk rage
 w - 3 potions of agility
 A - a potion of ambrosia
 B - 3 potions of cancellation
 E - 2 potions of might
 F - a potion of resistance
 G - a potion of invisibility
 Q - 2 potions of haste {@q3}
 T - a potion of lignification {unknown}
Comestibles
 e - 4 rations {!d}


   Skills:
 * Level 14.3 Fighting
 - Level 10.1 Short Blades
 - Level 11.7 Crossbows
 + Level 5.8 Armour
 + Level 10.4 Dodging
 - Level 1.3 Stealth


You had 12 spell levels left.
You didn't know any spells.
Your spell library contained the following spells:

 Spells                   Type           Power        Failure   Level  Hunger
 Animate Skeleton         Necr           N/A          71%         1    ##.....
 Apportation              Tloc           #.....       71%         1    ##.....
 Confusing Touch          Hex            #.....       71%         1    ##.....
 Summon Small Mammal      Summ           #...         71%         1    ##.....
 Call Imp                 Summ           #.......     83%         2    ###....
 Call Canine Familiar     Summ           #.......     97%         3    ####...
 Summon Guardian Golem    Hex/Summ       #.......     97%         3    ####...
 Ice Form                 Ice/Tmut       #.......     100%        4    #####..
 Summon Ice Beast         Ice/Summ       #.......     100%        4    #####..
 Summon Lightning Spire   Summ/Air       #.......     100%        4    #####..
 Metabolic Englaciation   Hex/Ice        #.........   100%        5    ######.
 Bolt of Cold             Conj/Ice       #.........   100%        6    #######
 Freezing Cloud           Conj/Ice/Air   #.........   100%        6    #######
 Ozocubu's Refrigeration  Ice            #.........   100%        6    #######
 Simulacrum               Ice/Necr       #.........   100%        6    #######


Dungeon Overview and Level Annotations

Branches:
Dungeon (10/15)            Temple (0/1) D:5            Lair (4/6) D:8
 Shoals (0/4) Lair:2
  Snake: Lair:2-4    Spider: Lair:2-4       Orc: D:9-12

Altars:
Cheibriados
Dithmenos
Fedhas
Gozag
Kikubaaqudgha
Qazlal
Sif Muna
Xom
The Shining One

Shops:
D:6 ?

Annotations:
D:3 Terence
Lair:1 exclusion: door


Innate Abilities, Weirdness & Mutations

You are small and have problems with some larger weapons.
You are carnivorous and can eat meat at any time.


Message History

You barely miss the dream sheep. The dream sheep completely misses you.
You closely miss the dream sheep. The torpor snail closely misses you.
You hit the dream sheep.
The dream sheep looks as sick as possible!
The dream sheep bites you.
* * * LOW HITPOINT WARNING * * *
You hit the dream sheep but do no damage.
The dream sheep looks as sick as possible!
The dream sheep shake their wool and sparkle.
You feel drowsy...
You fall asleep.
The torpor snail misses you. The dream sheep misses you.
The torpor snail bites you!!!
You wake up.
* * * LOW HITPOINT WARNING * * *
The dream sheep bites you.
* * * LOW HITPOINT WARNING * * *
You feel yourself speed up.
The dream sheep ruffle their wool and motes of dream dust sparkle, to no Being near the torpor snail leaves you feeling lethargic.
The dream sheep barely misses you.
You feel better. The dream sheep closely misses you.
The dream sheep shake their wool and sparkle.
You feel drowsy...
You fall asleep.
The dream sheep "Baaaas" balefully.
You kill the dream sheep!
The torpor snail barely misses you. The torpor snail barely misses you.
The dream sheep misses you. The torpor snail completely misses you.
The dream sheep bites you!
You wake up.
* * * LOW HITPOINT WARNING * * *
The dream sheep misses you. The dream sheep closely misses you.
There is a stone staircase leading up here.
The dream sheep closely misses you. The dream sheep misses you.
The torpor snail bites you.
* * * LOW HITPOINT WARNING * * *
The dream sheep ruffle their wool and motes of dream dust sparkle, to no You climb upwards.
There is a stone staircase leading down here.
Okay, then.
Okay, then.
Here: a dream sheep The floor.
You feel better.
The dream sheep ruffle their wool and motes of dream dust sparkle, to no The dream sheep shake their wool and sparkle.
You feel drowsy...
You fall asleep.
The torpor snail bites you!!!
Ouch! That really hurt!
You die...
Your body crumbles into a pile of gold.

##.# ####...#.#.##.#
#####.####.####......... #####
#.........#.# #P..#.....
#.#P######..........## #.......#.
....##....'.........# #.###.####
....+...###.........# #...#.....
....#P#.##.........## #.#...##≈≈
....#######.....Y..#####.#.P...≈≈
....## #....<.@w.'.##...>#...≈≈
.....# ##......Y.#..#........≈≈
....## ####'P###......##...P.≈
PP.## #.#.## #####..#....... ####
#...# ###.##..##. .# #.#### ###
#....###P .#### ###.#..####.#
###..# ## ....# ###..........##
#.## ...#####............## #.P#


You could see a torpor snail and 2 dream sheep.

Vanquished Creatures
  2 two-headed ogres
  Sonja (Lair:1)
  Nergalle (Lair:1)
  A merfolk siren (Lair:2)
  A black mamba (Lair:1)
  Psyche (D:9)
  4 centaur zombies (D:8)
  6 spiny frogs
  A rime drake (D:8)
  5 komodo dragons
  2 hellwings (D:7)
  3 trolls (D:8)
  A queen bee (D:9)
  2 dream sheep (Lair:4)
  7 hippogriffs
  A steam dragon (Lair:3)
  16 yaks
  A basilisk (Lair:2)
  6 water moccasins
  7 porcupines
  2 orc warriors
  Purgy (Sewer)
  An ice beast (D:8)
  A black bear (D:9)
  2 phantoms
  4 sky beasts
  6 ogres
  A necrophage (D:8)
  3 wolves
  2 centaurs
  10 crocodiles
  A big kobold (D:8)
  Blork the orc (D:5)
  9 bullfrogs
  A wyvern zombie (D:8)
  A gnoll sergeant (D:7)
  A wyvern skeleton (D:8)
  3 scorpions
  19 killer bees
  A howler monkey (D:5)
  2 electric eels
  5 crimson imps
  4 orc wizards
  A gnoll shaman (D:8)
  5 orc priests
  A bullfrog skeleton (D:5)
  2 jellies
  4 centaur skeletons
  6 hounds
  2 iguanas
  Ijyb (D:5)
  8 worker ants
  A hound zombie (D:8)
  2 hound skeletons (D:8)
  7 adders
  12 gnolls
  A howler monkey skeleton (D:9)
  6 shadow imps
  An adder zombie (D:6)
  An adder skeleton (D:8)
  2 worms
  3 dart slugs
  6 leopard geckos
  15 orcs
  9 ball pythons
  A bat (D:2)
  9 giant cockroaches
  8 goblins
  5 hobgoblins
  11 jackals
  4 quokkas
  7 frilled lizards
  8 kobolds
  A quokka zombie (D:7)
  6 rats
  A withered plant (D:8)
307 creatures vanquished.

Vanquished Creatures (others)
  2 fungi
  3 plants (Lair:1)
  2 withered plants (D:8)
7 creatures vanquished.

Grand Total: 314 creatures vanquished

Notes
Turn   | Place    | Note
-------+----------+-------------------------------------------
     0 | D:1      | Wolly the Kobold Hunter began the quest for the Orb.
     0 | D:1      | Reached XP level 1. HP: 12/12 MP: 1/1
   260 | D:1      | Reached XP level 2. HP: 18/18 MP: 2/2
   330 | D:1      | Reached skill level 5 in Crossbows
   354 | D:1      | Reached skill level 1 in Short Blades
  1090 | D:2      | Reached XP level 3. HP: 20/22 MP: 3/3
  1432 | D:2      | Reached skill level 3 in Fighting
  1432 | D:2      | Reached XP level 4. HP: 26/28 MP: 4/4
  2064 | D:3      | Found a stormy altar of Qazlal.
  2067 | D:3      | Found an opulent altar of Gozag.
  2068 | D:3      | Found a glowing golden altar of the Shining One.
  2097 | D:3      | Reached XP level 5. HP: 29/32 MP: 5/5
  2180 | D:3      | Found an ancient bone altar of Kikubaaqudgha.
  2758 | D:3      | Noticed Terence
  3038 | D:4      | Noticed an ogre
  3088 | D:4      | Killed an ogre
  3088 | D:4      | Reached XP level 6. HP: 37/38 MP: 6/6
  3197 | D:4      | Reached skill level 4 in Fighting
  3275 | D:4      | Found Disimec's Food Boutique.
  3465 | D:3      | Became a worshipper of Gozag Ym Sagoz the Greedy
  3689 | D:5      | Entered Level 5 of the Dungeon
  3723 | D:5      | Noticed an ogre
  3739 | D:5      | Killed an ogre
  3739 | D:5      | Reached XP level 7. HP: 37/43 MP: 7/7
  3856 | D:5      | Found a shadowy altar of Dithmenos.
  3904 | D:5      | Reached skill level 5 in Dodging
  3959 | D:5      | Found a staircase to the Ecumenical Temple.
  3959 | D:5      | Noticed Ijyb
  3987 | D:5      | Found a glowing drain.
  4006 | Sewer    | Entered a sewer
  4094 | Sewer    | Noticed Purgy
  4112 | Sewer    | Killed Purgy
  4112 | Sewer    | Reached skill level 5 in Short Blades
  4256 | D:5      | Noticed Blork the orc
  4272 | D:5      | Killed Blork the orc
  4272 | D:5      | Reached skill level 5 in Fighting
  4272 | D:5      | Reached XP level 8. HP: 29/49 MP: 8/8
  4484 | D:5      | Killed Ijyb
  5570 | D:6      | Reached skill level 6 in Fighting
  5844 | D:6      | Reached XP level 9. HP: 51/55 MP: 9/9
  6418 | D:6      | Found a blossoming altar of Fedhas.
  6621 | D:6      | Found Qyaps's Magic Scroll Boutique.
  7374 | D:7      | Reached skill level 7 in Fighting
  8241 | D:8      | Noticed a two-headed ogre
  8335 | D:8      | Noticed a hippogriff
  8338 | D:8      | Noticed a hellwing
  8339 | D:8      | Noticed a two-headed ogre
  8545 | D:8      | Noticed a hellwing
  8613 | D:7      | Killed a two-headed ogre
  8613 | D:7      | Reached skill level 8 in Fighting
  8613 | D:7      | Reached XP level 10. HP: 55/64 MP: 6/10
  8884 | D:8      | Reached skill level 10 in Crossbows
  9273 | D:8      | Found a deep blue altar of Sif Muna.
  9608 | D:8      | Reached skill level 9 in Fighting
  9608 | D:8      | Reached skill level 10 in Short Blades
 10753 | D:8      | Reached skill level 10 in Fighting
 10753 | D:8      | Reached XP level 11. HP: 45/71 MP: 6/11
 11595 | D:8      | Killed a two-headed ogre
 11595 | D:8      | Reached skill level 1 in Armour
 11882 | D:8      | Reached skill level 11 in Fighting
 11999 | D:8      | Found a staircase to the Lair.
 12229 | D:8      | Found a shimmering altar of Xom.
 12566 | D:8      | Upgraded the game from 0.23-a0-398-g8eab93fbe2 to
                  | 0.23-a0-402-g64599a10a2
 13010 | D:9      | Found a snail-covered altar of Cheibriados.
 13853 | D:9      | Noticed Psyche
 15053 | D:9      | Killed Psyche
 16268 | D:4      | Bought a ration for 70 gold pieces
 16268 | D:4      | Bought a ration for 70 gold pieces
 16268 | D:4      | Bought a ration for 70 gold pieces
 16268 | D:4      | Bought a ration for 70 gold pieces
 16268 | D:4      | Bought a ration for 70 gold pieces
 16268 | D:4      | Bought a ration for 70 gold pieces
 16268 | D:4      | Bought a ration for 70 gold pieces
 16268 | D:4      | Bought a ration for 70 gold pieces
 16268 | D:4      | Bought a ration for 70 gold pieces
 16268 | D:4      | Bought a ration for 70 gold pieces
 16350 | D:10     | Entered Level 10 of the Dungeon
 16753 | D:10     | Reached skill level 12 in Fighting
 17221 | D:10     | Reached XP level 12. HP: 75/81 MP: 9/12
 17560 | Lair:1   | Entered Level 1 of the Lair of Beasts
 17570 | Lair:1   | Noticed Sonja
 17574 | Lair:1   | Killed Sonja
 18491 | Lair:1   | Noticed Nergalle
 18600 | Lair:1   | Reached skill level 13 in Fighting
 19793 | Lair:1   | Noticed a six-headed hydra
 20226 | Lair:1   | Killed Nergalle
 20885 | Lair:2   | Reached skill level 5 in Armour
 21639 | Lair:2   | Found a staircase to the Shoals.
 22569 | Lair:3   | Found a labyrinth entrance.
 23232 | Lair:3   | Reached skill level 10 in Dodging
 23232 | Lair:3   | Reached XP level 13. HP: 53/89 MP: 8/13
 23364 | Lair:3   | Reached skill level 14 in Fighting
 25148 | Lair:4   | HP: 3/91 [dream sheep[a torpor snail] (5)]
 25160 | Lair:3   | Annihilated by a torpor snail

Vault maps used:
D:1:      dpeg_arrival_rooms_c
D:2:      first_ration
D:3:      lemuel_doored_altar, nicolae_overflow_hidden_temple, uniq_terence
D:4:      serial_shops, kennysheep_mini_moat, grunt_decor_fettered
D:5:      nicolae_dithmenos_the_darkroom, minmay_temple_entry_statues_pillars,
          gup_sewer_entry_glass, minmay_checkerbox, uniq_blork_the_orc,
          uniq_ijyb
D:6:      serial_shops, shop, wad_floor_pattern_untrapped, fedhas_altar_4
D:8:      cheibrodos_grave_circle, lemuel_blue_sif_altar, erik_lair_island,
          chequers_garden, xom_teletrap_fun
D:9:      lemuel_crystal_altar, david_nohive_1, uniq_psyche
Lair:1:   cheibrodos_lair_river_kwai, hangedman_lair_generics_rect,
          wad_woods_river_01, uniq_nergalle, uniq_sonja
Lair:2:   minmay_shoals_entry_lonely_mermaid
Lair:3:   lab_entry_generic, grunt_megastairs_1, infiniplex_staircase_pool
Lair:4:   nicolae_spider_entry_tight_spaces
Sewer:    sewer_co_purgy_island

Skill      XL: |  1  2  3  4  5  6  7  8  9 10 11 12 13 |
---------------+----------------------------------------+-----
Crossbows      | 5 6 7 8 9 11 | 11.7
Short Blades   | 1 2 3 4 5 6 9 10 | 10.1
Dodging        | 3 4 5 6 8 10 | 10.4
Fighting       | 3 4 5 6 8 10 12 13 14 | 14.3
Armour         | 3 5 |  5.8
Stealth        | |  1.3

Action                   |  1- 3 |  4- 6 |  7- 9 | 10-12 | 13-15 || total
-------------------------+-------+-------+-------+-------+-------++-------
Melee: Short sword       |    22 |       |       |       |       ||    22
       Dagger            |    32 |   115 |   379 |  1615 |   116 ||  2257
 Fire: Hunting sling     |    43 |    70 |   264 |   275 |    59 ||   711
       Hand crossbow     |       |       |       |    62 |    12 ||    74
Throw: Stone             |    17 |     1 |       |       |       ||    18
Invok: Potion Petition   |       |       |     1 |       |       ||     1
Evoke: Wand              |       |       |       |     3 |       ||     3
  Use: Scroll            |     6 |     5 |     8 |     6 |       ||    25
       Potion            |       |       |     1 |     2 |     4 ||     7
 Stab: Sleeping          |     2 |       |     2 |       |     1 ||     5
       Distracted        |       |       |     1 |     2 |       ||     3
  Eat: Chunk             |    10 |     6 |       |       |       ||    16
       Ration            |       |       |     5 |    24 |     2 ||    31
Armor: Leather armour    |     9 |    14 |    35 |       |       ||    58
       Scale mail        |       |       |    53 |   360 |    21 ||   434
Dodge: Dodged            |    33 |    78 |   302 |   936 |   105 ||  1454

Table legend:
 A = Non-vault XP
 B = Vault XP
 C = Vault XP percentage of total XP
 D = Non-vault monster count
 E = Vault monster count
 F = Vault count percentage of total count
                 A         B        C        D         E       F
            +---------+---------+-------+---------+---------+-------
      Total |   17804 |   12897 |  42.0 |     228 |      78 |  25.5
            +---------+---------+-------+---------+---------+-------
        D:1 |      24 |       0 |   0.0 |      14 |       0 |   0.0
        D:2 |     101 |       0 |   0.0 |      24 |       0 |   0.0
        D:3 |      89 |       0 |   0.0 |      22 |       0 |   0.0
        D:4 |     191 |       0 |   0.0 |       7 |       0 |   0.0
        D:5 |     764 |     221 |  22.4 |      15 |       9 |  37.5
        D:6 |     799 |       0 |   0.0 |      14 |       0 |   0.0
        D:7 |    1662 |     978 |  37.0 |      18 |       7 |  28.0
        D:8 |    2731 |    4526 |  62.4 |      29 |      22 |  43.1
        D:9 |    1099 |    1372 |  55.5 |      23 |      12 |  34.3
       D:10 |    1912 |       0 |   0.0 |      18 |       0 |   0.0
     Lair:1 |    2276 |    4391 |  65.9 |      14 |      16 |  53.3
     Lair:2 |    2906 |     474 |  14.0 |      15 |       1 |   6.2
     Lair:3 |    2721 |     779 |  22.3 |      13 |       2 |  13.3
     Lair:4 |     529 |       0 |   0.0 |       2 |       0 |   0.0
      Sewer |       0 |     156 | 100.0 |       0 |       9 | 100.0
            +---------+---------+-------+---------+---------+-------
